 Dungeon Crawl Stone Soup version 0.17-a0-1174-ge06b3cc (console) character file.

186 panicbit the Covered (level 5, 0/47 HPs)
             Began as a Minotaur Fighter on May 27, 2015.
             Slain by an orc
             ... wielding a +1 trident of freezing
              (2 damage)
             ... on level 3 of the Dungeon on May 29, 2015.
             The game lasted 00:08:56 (2235 turns).

panicbit the Covered (Minotaur Fighter)             Turns: 2235, Time: 00:08:57

Health: 0/47       AC:  7    Str: 22    XL:     5   Next: 38%
Magic:  4/4        EV:  8    Int:  5    God:
Gold:   83         SH:  9    Dex:  9    Spells: 0 memorised, 4 levels left

rFire  . . .     SeeInvis .     a - +0 war axe
rCold  . . .     Clarity  .     b - +0 scale mail
rNeg   . . .     SustAt   .     c - +0 shield
rPois  .         Gourm    .     (helmet restricted)
rElec  .         Spirit   .     (no cloak)
rCorr  .         Warding  .     (no gloves)
rMut   .         Stasis   .     (no boots)
MR     .....                    (no amulet)
Stlth  ..........               (no ring)
                                (no ring)

@: not resistant to hostile enchantments, extremely unstealthy
A: retaliatory headbutt, horns 2
a: no special abilities


You were on level 3 of the Dungeon.
You were not hungry.

You visited 1 branch of the dungeon, and saw 3 of its levels.

You collected 83 gold pieces.

Inventory:

Hand weapons
 a - a +0 war axe (weapon)
Armour
 b - a +0 scale mail (worn)
 c - a +0 shield (worn)
Jewellery
 k - a cursed amulet of inaccuracy {unknown}
Scrolls
 g - a scroll of noise {unknown}
 h - 2 scrolls of fear {unknown}
 i - 2 scrolls of blinking {unknown}
 j - 2 scrolls of recharging {unknown}
 m - a scroll of amnesia {unknown}
 o - a scroll of teleportation {unknown}
Potions
 d - a potion of might
 l - a potion of brilliance {unknown}
 n - 3 potions of degeneration {unknown}
 p - a potion of curing {unknown}
Comestibles
 e - 4 bread rations


   Skills:
 + Level 4.4 Fighting
 + Level 3.2 Axes
 + Level 5.0 Armour
 + Level 1.8 Dodging
 + Level 0.3 Stealth
 + Level 4.8 Shields


You had 4 spell levels left.
You didn't know any spells.

Dungeon Overview and Level Annotations

Branches:
Dungeon (3/15)

Altars:

Annotations:
D:2 Sigmund


Innate Abilities, Weirdness & Mutations

You reflexively headbutt those who attack you in melee.
You have a pair of horns on your head.


Message History

The orc is moderately wounded.
You hit something but do no damage. Something hits you.
The orc hits you but does no damage.
The orc hits you from afar with a trident of freezing.
The orc freezes you.
You hear some strange, mumbled words.
A puff of flame appears from out of thin air!
The puff of flame hits you!
* * * LOW HITPOINT WARNING * * *
The orc barely misses you. You furiously retaliate!
You headbutt the orc. You closely miss something. You barely miss the orc.
The orc is almost dead.
You hear some strange, mumbled words.
A puff of flame appears from out of thin air!
The puff of flame hits you!
* * * LOW HITPOINT WARNING * * *
The orc hits you from afar with a trident of freezing.
* * * LOW HITPOINT WARNING * * *
The orc freezes you.
You die...

##...#
o....#
o....#
.....##
..>...#
....#
#######....#
#{oo..(....#
#@#####....#
#.# ##.##
###.###### #
#........#
#........#
#........#
#........#
##.##
#........#
.....
#........#
....
#........#
....
#........#
...


You could see 2 orcs.

Vanquished Creatures
  3 orc priests (D:3)
  Natasha (D:2)
  An adder (D:2)
  An orc (D:3)
  2 giant cockroaches (D:1)
  6 goblins
  8 hobgoblins
  2 jackals (D:1)
  4 kobolds
  A quokka (D:2)
  11 bats
  2 giant geckos (D:1)
  4 giant newts
  8 rats
54 creatures vanquished.

Notes
Turn   | Place    | Note
--------------------------------------------------------------
     0 | D:1      | panicbit the Minotaur Fighter began the quest for the Orb.
     0 | D:1      | Reached XP level 1. HP: 19/19 MP: 0/0
   207 | D:1      | Reached XP level 2. HP: 27/27 MP: 1/1
   250 | D:1      | Reached skill level 4 in Armour
   545 | D:1      | Reached XP level 3. HP: 30/33 MP: 2/2
  1382 | D:2      | Upgraded the game from 0.17-a0-1150-g17b0b87 to 0.17-a0-1174-ge06b3cc
  1404 | D:2      | Noticed Natasha
  1408 | D:2      | Killed Natasha
  1408 | D:2      | Reached XP level 4. HP: 29/40 MP: 3/3
  1498 | D:2      | Noticed Sigmund
  1986 | D:3      | Reached skill level 1 in Dodging
  1994 | D:3      | Reached XP level 5. HP: 6/47 MP: 4/4
  2233 | D:3      | Reached skill level 5 in Armour
  2235 | D:3      | HP: 2/47 [orc/trident of freezing (3)]
  2235 | D:3      | Slain by an orc

Vault maps used:
D:1:      saegor_arrival_under_anarchy
D:2:      first_bread, uniq_natasha, uniq_sigmund
D:3:      grunt_gozag_statues

Action                   |  1- 3 |  4- 6 || total
-------------------------+-------+-------++-------
Melee: War axe           |    87 |    40 ||   127
  Eat: Chunk             |     2 |     2 ||     4
